Map: Atlantica Unlimited

Players

Throwfordays - Winner!

  • Race: Terran Terran
  • League: Silver
  • Spawn Location: 3:00

WheresWaldo - Winner!

  • Race: Protoss Protoss
  • Spawn Location: 3:00

CmdrBeaumont - Winner!

  • Race: Protoss Protoss
  • Spawn Location: 1:00

SlushyStar - Winner!

  • Race: Protoss Protoss
  • Spawn Location: 12:00

Raynar - Winner!

  • Race: Protoss Protoss
  • Spawn Location: 5:00

Player 6

  • Race: Zerg Zerg
  • Spawn Location: 9:00

Player 7

  • Race: Zerg Zerg
  • Spawn Location: 7:00

Player 8

  • Race: Protoss Protoss
  • Spawn Location: 11:00

Player 9

  • Race: Zerg Zerg
  • Spawn Location: 6:00

Player 10

  • Race: Terran Terran
  • Spawn Location: 9:00

VOD

Have the link to the VOD?

Description

Time

  • Played on: Sept. 12, 2020, 10:35 p.m.
  • Length: 18:25
Show
View Real Time Build Order
Export as new Build Order

Throwfordays Terran - Winner!

Build Orders: Reaper Expand 

Get SALT Encoding   

    0:10  SCV  
    0:11  Supply Depot  
    0:22  SCV  
    0:23  Unknown  
    0:25  Unknown  
    0:34  SCV  
    0:37  Barracks  
    0:46  SCV  
    0:58  SCV  
    1:10  SCV  
    1:23  SCV  
    1:25  Barracks Reactor, Barracks  
    1:35  SCV  
    1:47  SCV  
    1:59  SCV  
    2:01  Command Center  
    2:02  Reaper x2  
  2  2:11  SCV  
  2  2:12  Barracks Reactor  
  2  2:18  Barracks  
  2  2:23  SCV  
  2  2:34  Reaper x2  
  2  2:35  SCV  
  4  2:38  Engineering Bay  
  4  2:39  Engineering Bay  
  4  2:47  SCV  
  4  2:55  Reaper  
  4  2:56  Reaper  
  6  3:06  Reaper x2  
  8  3:28  Reaper x2  
  10  3:38  Reaper x2  
  12  3:41  Terran Infantry Armor Level 1, Terran Infantry Weapons Level 1  
  12  3:44  Barracks Tech Lab  
  9  4:00  Reaper x2  
  11  4:10  Reaper  
  11  4:46  Reaper x2  
  11  4:47  Reaper x3  
  16  4:53  SCV  
  16  5:02  Factory  
  16  5:04  SCV  
  16  5:05  Unknown  
  16  5:07  SCV  
  16  5:16  SCV  
  16  5:18  Reaper x2  
  16  5:19  Reaper x3, Unknown  
  21  5:21  SCV  
  21  5:28  SCV  
  21  5:33  SCV  
  21  5:40  SCV  
  20  5:45  SCV  
  20  5:48  Supply Depot  
  20  5:50  Reaper x2  
  20  5:51  Reaper x3  
  20  5:53  SCV  
  25  5:58  SCV  
  23  6:05  SCV  
  23  6:10  SCV  
  21  6:22  Reaper  
  21  6:23  Reaper x3  
  20  6:42  Starport  
  20  6:44  SCV  
  20  6:46  SCV  
  20  6:50  Hi-Sec Auto Tracking  
  20  6:51  Neosteel Armor  
  15  6:56  SCV  
  15  6:58  SCV  
  15  6:59  Marine x5  
  20  7:03  Stimpack  
  19  7:17  Marine x5  
  20  7:34  Marine  
  20  7:35  Marine x4  
  21  7:52  Marine x3  
  21  7:53  Marine  
  19  8:10  Marine x4  
  12  8:14  Marine  
  12  8:26  SCV  
  12  8:28  Marine x4  
  12  8:29  SCV  
  12  8:32  Marine  
  12  8:33  Starport Tech Lab  
  17  8:38  SCV  
  17  8:39  Starport  
  17  8:41  Fusion Core, SCV  
  17  8:43  Combat Shield  
  17  8:45  Armory  
  17  8:46  Marine x4  
  21  8:49  Factory Tech Lab  
  21  8:50  Marine, SCV  
  22  9:04  Marine x4  
  22  9:07  Marine  
  27  9:21  Marine x2  
  27  9:22  Marine  
  30  9:24  SCV  
  30  9:25  Marine  
  30  9:26  Marine  
  32  9:32  Starport Tech Lab  
  32  9:36  SCV  
  32  9:37  Armory  
  32  9:39  Marine x3  
  32  9:42  Starport  
  32  9:43  Marine x2  
  32  9:44  Weapon Refit  
  37  9:57  Marine x3  
  40  10:01  Marine x2  
  42  10:09  Terran Infantry Weapons Level 2  
  42  10:10  Terran Infantry Armor Level 2  
  42  10:14  Terran Vehicle And Ship Armor Level 1  
  42  10:15  Marine x3  
  42  10:19  Marine, Starport Tech Lab  
  46  10:23  Starport  
  46  10:26  Supply Depot  
  46  10:44  Terran Ship Weapons Level 1  
  46  10:47  Marine x3, Orbital Command  
  46  10:48  Marine x2, Supply Depot, Orbital Command  
  51  11:05  Marine x3  
  51  11:09  Marine x2  
  56  11:12  Supply Depot  
  56  11:23  Advanced Ballistics, Marine x3  
  59  11:27  Marine x2, Starport Tech Lab  
  61  11:34  Supply Depot x2  
  61  11:35  Supply Depot  
  61  11:41  Marine x3  
  61  11:45  Marine x2, Liberator  
  69  11:55  Liberator x3  
  69  11:58  Supply Depot x2  
  69  11:59  Marine x3, Supply Depot  
  81  12:03  Marine x2  
  81  12:17  Marine  
  81  12:21  Supply Depot  
  82  12:23  Supply Depot  
  82  12:27  Supply Depot  
  82  12:28  Battlecruiser  
  88  12:38  Battlecruiser x3  
  88  12:42  Rapid Reignition System  
  106  12:46  Supply Depot  
  106  12:47  Supply Depot  
  106  12:49  Supply Depot  
  77  12:57  Marine x3  
  77  12:58  Marine x2  
  52  13:10  Supply Depot  
  52  13:11  Supply Depot x2  
  52  13:15  Marine x5  
  57  13:33  Marine x5, Supply Depot, Battlecruiser  
  68  13:34  Supply Depot  
  68  13:37  Supply Depot  
  68  13:42  Battlecruiser x3  
  86  13:50  Marine  
  86  13:51  Marine x4  
  91  14:00  Supply Depot  
  91  14:09  Marine  
  92  14:21  Marine x4  
  92  14:23  Supply Depot  
  93  14:25  Terran Infantry Armor Level 3, Terran Infantry Weapons Level 3  
  93  14:27  Marine, Terran Ship Weapons Level 2, Terran Vehicle And Ship Armor Level 2  
  94  14:37  Battlecruiser  
  100  14:39  Marine x4  
  100  14:45  Marine  
  105  14:47  Battlecruiser x3  
  123  14:56  Marine  
  123  14:57  Marine x3  
  124  15:02  Marine  
  122  15:14  Marine x2  
  122  15:15  Marine x2  
  122  15:20  Marine  
  127  15:41  Battlecruiser  
  133  15:51  Battlecruiser x2  
  151  16:12  Battlecruiser  
  151  16:45  Battlecruiser  
  157  16:55  Battlecruiser  
  163  17:02  Battlecruiser  
  169  17:16  Battlecruiser  
Show
View Real Time Build Order
Export as new Build Order

WheresWaldo Protoss - Winner!

Build Orders:  

Get SALT Encoding   

    0:06  Probe  
    0:16  Pylon  
    0:18  Probe (Chrono Boost)  
    0:29  Probe (Chrono Boost)  
    0:47  Pylon  
    0:55  Pylon  
    1:01  Forge  
    1:08  Unknown  
    1:10  Unknown  
    1:17  Gateway  
    1:23  Gateway  
    1:30  Gateway  
    1:38  Photon Cannon  
    1:41  Photon Cannon  
    1:49  Nexus  
    2:00  Photon Cannon  
    2:03  Photon Cannon  
    2:08  Photon Cannon  
    2:20  Photon Cannon  
    2:32  Unknown  
    2:37  Probe (Chrono Boost)  
    2:48  Probe (Chrono Boost)  
    2:53  Probe (Chrono Boost)  
    3:04  Probe (Chrono Boost)  
    3:09  Probe (Chrono Boost)  
    3:22  Probe (Chrono Boost)  
    3:28  Probe (Chrono Boost)  
    3:40  Probe x2 (Chrono Boost)  
    3:45  Pylon, Probe (Chrono Boost)  
    3:46  Probe (Chrono Boost)  
    3:50  Cybernetics Core  
    3:54  Probe  
    3:58  Probe  
    4:05  Photon Cannon  
    4:06  Probe  
    4:10  Probe  
    4:12  Photon Cannon  
    4:15  Photon Cannon  
    4:18  Photon Cannon  
    4:24  Pylon  
    4:42  Protoss Air Weapons Level 1  
    4:44  Stargate  
    4:46  Stargate  
    4:51  Stargate  
    4:53  Stargate  
    4:54  Stargate  
    4:59  Probe (Chrono Boost)  
    5:11  Unknown, Probe (Chrono Boost)  
    5:16  Probe (Chrono Boost)  
    5:26  Probe (Chrono Boost)  
    5:32  Probe (Chrono Boost)  
    5:42  Probe (Chrono Boost)  
    5:44  Probe (Chrono Boost)  
    5:48  Probe (Chrono Boost)  
    5:49  Probe (Chrono Boost)  
    5:52  Probe  
    6:00  Fleet Beacon  
    6:02  Pylon x2  
    6:04  Pylon, Probe  
    6:05  Pylon  
    6:06  Pylon  
    6:15  Robotics Facility  
    6:19  Probe x2 (Chrono Boost)  
    6:30  Probe x2 (Chrono Boost)  
    6:37  Probe (Chrono Boost)  
    6:39  Void Ray x3  
    6:40  Void Ray x2  
    6:43  Probe  
  20  6:51  Protoss Air Armor Level 1  
  20  6:55  Probe  
  20  6:57  Anion Pulse-Crystals  
  20  7:08  Robotics Bay  
  20  7:20  Pylon  
  20  7:22  Pylon  
  20  7:23  Pylon  
  20  7:24  Pylon  
  20  8:01  Flux Vanes  
  20  8:29  Void Ray x5  
  40  9:06  Void Ray x4  
  40  9:07  Void Ray  
  60  9:43  Void Ray x3  
  60  9:44  Void Ray  
  76  10:01  Void Ray  
  80  10:20  Void Ray x3  
  80  10:21  Void Ray  
  96  10:38  Unknown  
  96  10:39  Void Ray  
  100  10:57  Void Ray x2  
  100  10:58  Void Ray x2  
  96  11:16  Void Ray  
  88  11:34  Void Ray  
  84  14:19  Protoss Shields Level 1  
  84  14:34  Protoss Air Weapons Level 2  
  64  16:41  Void Ray x2  
  64  16:42  Void Ray x3  
  84  17:18  Void Ray  
  84  17:19  Void Ray x4  
Show
View Real Time Build Order
Export as new Build Order

CmdrBeaumont Protoss - Winner!

Build Orders: Carriers 

Get SALT Encoding   

    0:03  Probe (Chrono Boost)  
    0:14  Probe (Chrono Boost)  
    0:19  Probe (Chrono Boost)  
    0:27  Pylon  
    0:29  Probe  
    0:40  Unknown  
    0:41  Probe  
    0:42  Unknown  
    0:45  Pylon  
    0:53  Probe  
    0:56  Forge  
    1:05  Probe (Chrono Boost)  
    1:17  Probe (Chrono Boost)  
    1:24  Probe (Chrono Boost)  
    1:32  Photon Cannon, Probe  
    1:35  Photon Cannon  
    1:44  Probe  
    1:52  Pylon  
    1:56  Pylon, Probe  
    1:58  Pylon  
    2:06  Protoss Shields Level 1  
    2:14  Gateway  
    2:21  Photon Cannon  
    2:22  Photon Cannon x2  
    2:23  Photon Cannon  
    2:27  Photon Cannon  
    2:33  Photon Cannon  
    2:42  Photon Cannon  
    2:45  Photon Cannon  
    3:01  Gateway x2  
    3:07  Gateway  
    3:13  Probe (Chrono Boost)  
    3:22  Cybernetics Core  
    3:24  Probe (Chrono Boost)  
    3:32  Probe (Chrono Boost)  
    3:37  Gateway  
    3:38  Probe (Chrono Boost)  
    3:41  Gateway  
    3:44  Gateway  
    3:46  Probe  
    3:58  Probe  
    4:03  Nexus  
    4:10  Unknown  
    4:11  Unknown, Warp Gate  
    4:21  Robotics Facility  
    4:30  Nexus  
    4:34  Unknown, Probe  
    4:35  Unknown  
    4:46  Probe (Chrono Boost)  
    4:58  Probe (Chrono Boost)  
    5:04  Probe (Chrono Boost)  
    5:12  Probe  
    5:24  Probe  
    5:28  Probe (Chrono Boost)  
    5:40  Probe (Chrono Boost)  
    5:48  Probe (Chrono Boost)  
    5:51  Probe (Chrono Boost)  
    5:59  Probe (Chrono Boost)  
    6:00  Probe (Chrono Boost)  
    6:02  Probe (Chrono Boost)  
    6:09  Probe x2 (Chrono Boost)  
    6:12  Pylon x2  
    6:14  Pylon  
    6:15  Pylon  
    6:17  Pylon, Probe  
    6:18  Pylon, Probe  
    6:20  Pylon  
    6:21  Pylon  
    6:22  Pylon  
    6:26  Pylon  
    6:27  Pylon  
    6:29  Pylon, Probe  
    6:41  Zealot  
    6:42  Zealot  
    6:44  Zealot  
    6:45  Zealot  
    6:46  Zealot  
  10  6:47  Zealot  
    7:04  Probe (Chrono Boost)  
    7:15  Probe (Chrono Boost)  
    7:19  Stargate x2  
    7:20  Probe (Chrono Boost)  
    7:22  Stargate  
    7:23  Stargate  
    7:27  Stargate  
    7:30  Probe  
    7:31  Stargate  
    7:33  Stargate  
    7:34  Stargate  
    7:37  Stargate  
    7:47  Probe (Chrono Boost)  
    7:48  Probe (Chrono Boost)  
    7:49  Probe (Chrono Boost)  
    7:57  Probe x2 (Chrono Boost)  
    8:02  Probe (Chrono Boost)  
    8:04  Observer  
    8:05  Probe (Chrono Boost)  
  1  8:06  Probe (Chrono Boost)  
  1  8:09  Probe x2 (Chrono Boost)  
  1  8:10  Fleet Beacon  
  1  8:12  Void Ray x3 (Chrono Boost)  
  1  8:14  Void Ray (Chrono Boost), Probe  
  1  8:15  Void Ray (Chrono Boost)  
  1  8:16  Protoss Air Weapons Level 1, Void Ray (Chrono Boost)  
  1  8:17  Void Ray (Chrono Boost)  
  1  8:18  Void Ray (Chrono Boost)  
  1  8:19  Void Ray (Chrono Boost)  
  29  8:20  Probe  
  29  8:21  Probe  
  29  8:26  Observer, Probe  
  38  8:32  Probe  
  38  8:42  Void Ray (Chrono Boost)  
  38  8:43  Void Ray x3 (Chrono Boost)  
  38  8:45  Void Ray  
  38  8:46  Void Ray  
  38  8:47  Void Ray  
  38  8:48  Void Ray  
  46  8:49  Void Ray  
  74  9:15  Void Ray  
  74  9:17  Void Ray  
  74  9:18  Void Ray  
  74  10:24  Protoss Air Armor Level 1  
  74  10:48  Carrier x4  
  74  10:49  Carrier x3  
  74  10:58  Carrier  
  74  10:59  Carrier  
  128  11:08  Probe (Chrono Boost)  
  116  11:18  Probe (Chrono Boost)  
  116  11:23  Probe (Chrono Boost)  
  108  11:34  Probe  
  108  11:46  Probe  
  108  11:47  Twilight Council  
  108  11:53  Carrier (Chrono Boost)  
  150  11:55  Carrier x2 (Chrono Boost)  
  150  11:56  Carrier x2 (Chrono Boost)  
  150  11:57  Carrier x2 (Chrono Boost)  
  156  12:09  Carrier (Chrono Boost)  
  156  12:17  Pylon  
  156  12:23  Pylon  
  156  12:24  Pylon  
  156  12:26  Pylon  
  156  12:27  Pylon  
  156  12:28  Pylon  
  156  12:30  Protoss Shields Level 2, Pylon  
  156  12:32  Pylon  
  156  12:33  Pylon  
  156  12:35  Pylon  
  156  12:36  Protoss Air Weapons Level 2  
  162  12:42  Mothership  
  162  12:43  Carrier (Chrono Boost)  
  170  12:53  Carrier (Chrono Boost)  
  170  12:54  Carrier (Chrono Boost)  
  206  13:00  Carrier x3 (Chrono Boost)  
  206  13:01  Carrier (Chrono Boost)  
  206  13:06  Carrier  
  212  13:40  Carrier  
  208  14:44  Carrier  
  214  14:48  Carrier  
  214  14:49  Carrier x2  
  232  14:58  Pylon  
  232  14:59  Carrier  
  237  15:01  Pylon  
  236  15:10  Pylon  
  236  15:12  Pylon x2, Carrier  
  232  15:15  Pylon  
  232  15:16  Pylon x2, Carrier  
  232  15:18  Pylon  
  238  15:22  Pylon x2  
  238  15:24  Pylon  
  238  15:33  Flux Vanes  
  238  16:00  Carrier (Chrono Boost)  
  238  16:01  Carrier (Chrono Boost)  
  238  16:02  Carrier (Chrono Boost)  
  274  16:07  Carrier (Chrono Boost)  
  274  16:08  Carrier (Chrono Boost)  
  280  16:15  Carrier (Chrono Boost)  
  280  16:16  Carrier (Chrono Boost)  
  286  16:19  Carrier (Chrono Boost)  
  286  16:23  Carrier (Chrono Boost)  
  276  16:58  Tempest x2 (Chrono Boost), Carrier (Chrono Boost)  
  276  16:59  Carrier (Chrono Boost), Probe  
  276  17:01  Carrier (Chrono Boost)  
  292  17:07  Carrier  
  292  17:08  Carrier  
  304  17:10  Tempest  
  304  17:11  Probe  
  304  17:14  Tempest  
  314  17:23  Probe  
  314  17:35  Probe  
  314  17:38  Tempest x2  
  324  17:47  Probe  
  329  18:09  Unknown  
Show
View Real Time Build Order
Export as new Build Order

SlushyStar Protoss - Winner!

Build Orders: Carriers 

Get SALT Encoding   

    0:02  Probe  
    0:10  Unknown  
    0:15  Probe  
    0:39  Pylon  
    0:41  Pylon  
    0:49  Probe  
    1:01  Probe  
    1:03  Gateway  
    1:13  Probe  
    1:20  Nexus  
    1:25  Probe  
    1:29  Unknown  
    1:37  Probe  
    1:47  Pylon  
    1:50  Probe  
    1:51  Zealot  
  2  2:02  Probe  
  2  2:09  Cybernetics Core  
  2  2:14  Probe  
  2  2:16  Forge  
  2  2:26  Probe  
  2  2:27  Unknown  
  2  2:28  Unknown  
  2  2:34  Zealot  
  4  2:38  Probe  
  4  2:44  Warp Gate (Chrono Boost)  
  4  2:50  Probe  
  4  3:02  Probe  
  4  3:06  Photon Cannon  
  4  3:07  Photon Cannon  
  4  3:09  Photon Cannon  
  4  3:10  Photon Cannon  
  4  3:11  Photon Cannon  
  4  3:13  Photon Cannon  
  4  3:14  Photon Cannon, Probe  
  4  3:22  Photon Cannon  
  4  3:23  Photon Cannon  
  4  3:28  Probe  
  4  3:40  Probe  
  4  3:52  Probe  
  4  3:53  Probe  
  4  4:04  Probe  
  4  4:06  Stalker  
  6  4:17  Probe  
  6  4:29  Probe  
  6  4:41  Pylon, Probe  
  6  4:45  Pylon  
  6  4:53  Probe  
  6  5:01  Protoss Shields Level 1  
  6  5:05  Probe  
  6  5:13  Probe  
  6  5:17  Probe  
  6  5:19  Protoss Air Weapons Level 1  
  6  5:22  Shield Battery  
  6  5:25  Shield Battery, Probe  
  6  5:27  Shield Battery  
  6  5:29  Probe  
  6  5:30  Shield Battery  
  6  5:31  Stalker  
  8  6:09  Stargate  
  8  6:11  Stargate  
  8  6:13  Stargate  
  8  6:14  Stargate  
  8  6:31  Probe  
  8  6:40  Stalker  
  8  6:43  Probe  
  10  6:55  Probe  
  10  7:06  Void Ray, Stalker  
  10  7:07  Probe  
  12  7:11  Void Ray  
  12  7:12  Void Ray  
  12  7:14  Void Ray  
  8  7:19  Probe  
  16  7:27  Protoss Air Armor Level 1  
  16  7:31  Stalker  
  16  7:43  Void Ray  
  12  8:56  Nexus  
  12  9:07  Void Ray  
  12  9:08  Void Ray  
  12  9:10  Void Ray  
  12  9:11  Void Ray  
  28  9:29  Probe  
  28  9:41  Probe  
  28  9:53  Probe  
  28  9:57  Fleet Beacon  
  28  10:05  Probe  
  28  10:17  Probe  
  28  10:18  Pylon  
  28  10:22  Pylon  
  28  10:25  Pylon  
  28  10:29  Void Ray  
  28  10:32  Void Ray  
  28  10:34  Void Ray  
  12  11:37  Photon Cannon  
  12  11:38  Photon Cannon  
  12  11:39  Photon Cannon  
  12  11:41  Photon Cannon  
  12  11:42  Photon Cannon  
  12  11:43  Photon Cannon  
  12  11:44  Photon Cannon  
  12  11:46  Photon Cannon  
  12  11:47  Photon Cannon  
  12  11:48  Photon Cannon  
  12  11:49  Photon Cannon  
  12  11:51  Photon Cannon  
  12  11:57  Carrier  
  12  11:59  Carrier  
  12  12:01  Carrier  
  30  12:05  Carrier  
  36  12:13  Probe  
  36  12:18  Probe  
  36  12:25  Probe  
  36  12:30  Probe  
  36  12:37  Probe  
  36  12:40  Protoss Air Weapons Level 2  
  36  12:43  Probe  
  36  12:45  Twilight Council  
  44  12:55  Probe  
  44  13:07  Probe  
  44  13:11  Mothership  
  44  13:19  Probe  
  44  13:39  Tempest  
  44  13:41  Tempest  
  49  13:43  Tempest  
  49  13:44  Tempest  
  64  14:02  Templar Archives  
  64  14:03  Templar Archives  
  64  14:34  Carrier  
  64  14:36  Carrier  
  76  14:52  Pylon x2  
  76  15:10  Carrier  
  76  15:14  Protoss Air Armor Level 2  
  82  15:34  Protoss Shields Level 2  
  82  15:42  Flux Vanes  
  82  16:13  Probe  
  82  16:25  Probe  
  82  16:37  Probe  
  82  16:49  Probe  
  82  17:00  Pylon x2  
  82  17:01  Probe  
  82  17:02  Pylon  
  82  17:03  Pylon  
  82  17:05  Pylon  
  82  17:06  Pylon  
  82  17:07  Pylon x2  
  82  17:08  Pylon  
  82  17:10  Pylon  
  82  17:11  Pylon  
  82  17:13  Pylon  
  82  17:14  Pylon  
  82  17:15  Pylon  
Show
View Real Time Build Order
Export as new Build Order

Raynar Protoss - Winner!

Build Orders: 1 Gate Expand, Nexus First 

Get SALT Encoding   

    0:01  Probe (Chrono Boost)  
    0:13  Probe (Chrono Boost)  
    0:21  Probe (Chrono Boost)  
    0:28  Probe  
    0:35  Pylon  
    0:40  Probe  
    0:52  Nexus, Probe  
    0:59  Gateway  
    1:04  Probe (Chrono Boost)  
    1:07  Unknown  
    1:16  Probe (Chrono Boost)  
    1:21  Probe (Chrono Boost)  
    1:27  Pylon  
    1:30  Pylon, Probe  
    1:37  Forge  
    1:42  Probe  
    1:54  Cybernetics Core, Probe  
    1:57  Pylon  
    2:03  Pylon  
    2:06  Unknown, Probe (Chrono Boost)  
    2:08  Unknown  
    2:12  Probe (Chrono Boost)  
    2:16  Probe (Chrono Boost)  
    2:17  Unknown  
    2:20  Probe x2 (Chrono Boost)  
    2:24  Photon Cannon  
    2:25  Photon Cannon  
    2:27  Photon Cannon  
    2:29  Photon Cannon  
    2:31  Probe  
    2:32  Probe  
    2:35  Shield Battery  
    2:37  Shield Battery  
    2:40  Shield Battery x2  
    2:43  Probe  
    2:44  Probe  
    2:55  Probe  
    2:56  Probe  
    3:04  Photon Cannon  
    3:07  Probe  
    3:08  Probe  
    3:09  Photon Cannon  
    3:10  Photon Cannon x2  
    3:13  Warp Gate (Chrono Boost)  
    3:16  Pylon  
    3:18  Shield Battery  
    3:20  Probe  
    3:21  Shield Battery, Protoss Shields Level 1 (Chrono Boost)  
    3:26  Stargate  
    3:31  Gateway  
    3:33  Probe  
    3:35  Gateway  
    3:39  Gateway  
    3:50  Photon Cannon  
    3:59  Sentry  
  2  4:06  Photon Cannon  
  2  4:09  Photon Cannon  
  2  4:13  Shield Battery, Void Ray (Chrono Boost)  
  6  4:25  Shield Battery  
  6  4:33  Photon Cannon  
  6  4:39  Photon Cannon  
  6  4:43  Void Ray  
  6  4:50  Protoss Air Weapons Level 1  
  10  4:53  Shield Battery  
  10  4:59  Probe  
  10  5:01  Probe  
  10  5:11  Probe  
  10  5:13  Probe  
  10  5:14  Cybernetics Core  
  10  5:16  Photon Cannon  
  10  5:17  Photon Cannon  
  10  5:20  Void Ray (Chrono Boost)  
  10  5:22  Sentry  
  10  5:23  Sentry, Probe  
  10  5:24  Sentry  
  10  5:25  Probe  
  20  5:36  Probe  
  20  5:37  Probe  
  20  5:43  Stargate  
  20  5:48  Fleet Beacon, Probe  
  20  5:49  Probe  
  20  5:54  Void Ray (Chrono Boost)  
  24  6:21  Void Ray (Chrono Boost)  
  24  6:23  Void Ray (Chrono Boost)  
  24  6:24  Pylon  
  32  6:51  Void Ray  
  32  6:53  Void Ray  
  32  6:59  Protoss Air Armor Level 1  
  40  7:25  Void Ray (Chrono Boost)  
  40  7:33  Tempest (Chrono Boost)  
  49  7:41  Flux Vanes  
  49  7:51  Twilight Council  
  49  7:52  Probe  
  49  7:54  Probe  
  49  8:01  Tempest  
  49  8:03  Void Ray  
  49  8:04  Probe  
  54  8:05  Robotics Facility  
  54  8:06  Probe  
  54  8:09  Pylon  
  54  8:12  Pylon  
  58  8:16  Probe  
  58  8:17  Pylon  
  58  8:19  Probe  
  58  8:28  Probe  
  58  8:31  Probe  
  58  8:38  Void Ray  
  58  8:40  Probe  
  58  8:43  Probe  
  58  8:45  Tempest  
  67  9:05  Photon Cannon  
  67  9:06  Shield Battery x2  
  67  9:07  Protoss Shields Level 2  
  67  9:21  Protoss Air Weapons Level 2 (Chrono Boost), Tempest, Protoss Air Armor Level 2 (Chrono Boost)  
  72  9:28  Tempest  
  77  9:34  Pylon  
  77  9:36  Pylon, Probe  
  77  9:37  Pylon  
  77  9:39  Pylon  
  77  9:46  Pylon  
  77  9:48  Pylon, Probe  
  77  9:54  Pylon  
  77  9:55  Pylon  
  77  10:00  Probe  
  77  10:04  Tempest  
  77  10:05  Void Ray  
  86  10:18  Unknown  
  86  10:39  Void Ray (Chrono Boost)  
  86  10:45  Tempest (Chrono Boost)  
  83  11:14  Tempest  
  83  11:15  Void Ray, Warp Prism  
  94  11:51  Void Ray (Chrono Boost)  
  94  11:53  Void Ray (Chrono Boost)  
  94  12:27  Protoss Shields Level 3  
  94  12:30  Tempest x2 (Chrono Boost)  
  94  12:33  Probe  
  94  12:34  Probe  
  104  12:45  Protoss Air Weapons Level 3, Probe  
  104  12:46  Protoss Air Armor Level 3, Probe  
  104  13:01  Void Ray  
  104  13:02  Void Ray  
  112  13:38  Void Ray  
  112  13:45  Tempest  
  112  13:48  Nexus  
  121  13:50  Unknown x2  
  121  13:53  Pylon  
  121  13:56  Pylon  
  121  14:04  Pylon x2  
  121  14:05  Pylon  
  121  14:07  Pylon  
  121  14:15  Void Ray  
  121  14:19  Shield Battery  
  121  14:20  Shield Battery  
  121  14:21  Shield Battery x2  
  121  14:22  Photon Cannon x2  
  125  14:25  Photon Cannon  
  125  14:28  Tempest  
  130  14:33  Photon Cannon  
  130  14:35  Photon Cannon  
  130  14:40  Shield Battery  
  130  14:42  Shield Battery x2  
  130  14:44  Shield Battery  
  130  14:45  Shield Battery x2  
  130  14:47  Shield Battery x2  
  130  14:48  Shield Battery x2  
  130  14:49  Shield Battery  
  130  14:50  Photon Cannon x3  
  130  14:51  Photon Cannon x2  
  130  14:52  Shield Battery  
  130  14:53  Photon Cannon  
  130  14:56  Photon Cannon x2  
  130  14:57  Photon Cannon  
  130  14:58  Photon Cannon x2  
  130  15:00  Photon Cannon  
  130  15:03  Photon Cannon  
  130  15:04  Photon Cannon  
  130  15:06  Photon Cannon  
  130  15:07  Photon Cannon x2  
  130  15:09  Photon Cannon  
  130  15:11  Photon Cannon x2, Probe (Chrono Boost)  
  130  15:14  Photon Cannon  
  130  15:16  Photon Cannon  
  130  15:22  Probe (Chrono Boost)  
  130  15:27  Probe (Chrono Boost)  
  130  15:38  Stargate, Probe  
  130  15:39  Protoss Ground Weapons Level 1  
  130  15:40  Stargate  
  130  15:43  Void Ray x2 (Chrono Boost)  
  138  15:50  Probe  
  138  16:23  Tempest x2 (Chrono Boost)  
  148  16:53  Void Ray x2 (Chrono Boost)  
  156  17:03  Void Ray x2 (Chrono Boost)  
  164  17:28  Tempest x2 (Chrono Boost)  
  169  17:33  Void Ray (Chrono Boost)  
  174  17:38  Tempest (Chrono Boost)  
Show
View Real Time Build Order
Export as new Build Order

Player 6 Zerg 

Build Orders: Pool First, Brood Lord Corruptor, Muta Ling Bane 

Get SALT Encoding   

    0:01  Drone  
    0:10  Overlord  
    0:12  Drone  
    0:15  Drone  
    0:29  Spawning Pool, Drone  
    0:33  Drone  
    0:38  Unknown  
    0:40  Unknown  
    0:44  Drone  
    0:55  Drone  
    1:05  Drone  
    1:16  Drone  
    1:18  Queen  
    1:19  Roach Warren  
    1:23  Hatchery  
  2  1:29  Drone  
  2  1:37  Drone  
  2  1:48  Drone  
  2  1:59  Zergling x2  
  3  2:09  Overlord  
  3  2:20  Roach  
  5  2:24  Overlord  
  5  2:25  Roach x2  
  9  2:32  Overlord  
  9  2:35  Roach  
  11  2:43  Roach  
  13  2:46  Roach  
  15  2:53  Roach  
  15  2:56  Roach  
  15  2:57  Roach x2  
  15  2:58  Roach  
  25  3:05  Overlord  
  25  3:07  Roach  
  27  3:16  Roach  
  27  3:18  Roach  
  31  3:27  Roach  
  31  3:30  Zergling x2  
  31  3:31  Drone  
  31  3:32  Drone  
  31  3:33  Lair  
  34  3:37  Drone  
  34  3:45  Drone  
  34  3:50  Hatchery  
  34  4:03  Drone  
  34  4:06  Drone  
  34  4:08  Drone  
  34  4:11  Drone  
  34  4:14  Drone  
  34  4:15  Drone  
  34  4:18  Drone  
  34  4:19  Zergling x2  
  34  4:22  Drone  
  28  4:27  Drone  
  28  4:29  Drone  
  22  4:32  Drone  
  22  4:35  Infestation Pit  
  22  4:36  Drone  
  12  4:38  Hydralisk Den  
  12  4:39  Roach  
  12  4:41  Roach  
  12  4:43  Drone  
  16  4:48  Drone  
  16  4:52  Drone  
  16  4:59  Drone  
  16  5:02  Drone  
  16  5:06  Drone  
  16  5:07  Roach  
  16  5:08  Drone, Roach  
  16  5:10  Roach  
  16  5:13  Roach  
  16  5:14  Hive  
  24  5:17  Hydralisk  
  24  5:20  Drone, Spire  
  26  5:23  Hydralisk  
  26  5:28  Infestor  
  30  5:31  Drone  
  30  5:36  Drone  
  30  5:37  Drone  
  30  5:40  Drone, Infestor  
  30  5:41  Drone  
  32  5:43  Drone  
  32  5:45  Hatchery  
  32  5:51  Drone  
  32  5:53  Drone  
  32  5:55  Drone  
  32  5:56  Roach  
  34  6:03  Drone x2  
  34  6:06  Ravager  
  34  6:07  Drone  
  34  6:09  Drone  
  34  6:10  Drone, Roach  
  38  6:11  Ravager  
  38  6:13  Drone  
  38  6:14  Roach  
  38  6:18  Drone  
  40  6:23  Evolution Chamber  
  40  6:25  Drone, Roach  
  42  6:27  Lair  
  42  6:29  Drone  
  42  6:30  Overseer  
  42  6:34  Evolution Chamber  
  42  6:35  Drone, Greater Spire  
  42  6:37  Corruptor  
  44  6:40  Drone, Roach  
  44  6:41  Drone, Spine Crawler  
  44  6:42  Drone  
  44  6:43  Unknown  
  44  6:44  Queen  
  44  6:46  Drone, Unknown  
  48  6:48  Drone  
  48  6:49  Queen  
  48  6:50  Lurker Den, Drone  
  48  6:52  Zerg Ground Armor Level 1  
  50  6:55  Spine Crawler  
  50  6:59  Drone, Unknown  
  50  7:00  Zerg Missile Weapons Level 1  
  50  7:01  Unknown  
  50  7:03  Drone  
  50  7:04  Roach  
  50  7:05  Drone  
  52  7:09  Drone  
  52  7:11  Zergling x2, Drone  
  52  7:12  Zergling x2  
  52  7:13  Drone  
  52  7:14  Zergling x2  
  52  7:15  Drone  
  55  7:19  Drone  
  55  7:20  Roach, Unknown  
  55  7:21  Drone  
  55  7:22  Roach  
  59  7:26  Unknown  
  59  7:30  Drone  
  59  7:31  Roach  
  59  7:32  Spine Crawler, Overlord  
  59  7:33  Drone  
  61  7:40  Spine Crawler  
  61  7:41  Drone  
  61  7:43  Roach  
  63  7:44  Roach  
  63  7:45  Roach  
  63  7:46  Drone  
  63  7:49  Spore Crawler, Drone  
  67  7:52  Drone, Hydralisk  
  67  7:54  Overlord, Spire  
  67  7:55  Drone  
  67  7:56  Drone  
  67  7:58  Hydralisk  
  69  7:59  Spore Crawler  
  69  8:00  Drone  
  69  8:01  Drone, Mutalisk  
  69  8:02  Baneling Nest  
  73  8:06  Drone, Mutalisk  
  73  8:11  Drone  
  73  8:12  Mutalisk  
  77  8:13  Drone  
  77  8:14  Overlord  
  77  8:15  Drone  
  77  8:17  Drone  
  77  8:18  Mutalisk  
  79  8:23  Drone, Mutalisk  
  79  8:25  Drone, Mutalisk  
  83  8:27  Drone  
  83  8:28  Mutalisk  
  83  8:29  Spore Crawler, Drone  
  85  8:34  Drone  
  85  8:35  Brood Lord  
  85  8:37  Overlord  
  85  8:39  Drone  
  85  8:40  Mutalisk  
  89  8:42  Drone, Mutalisk  
  89  8:44  Mutalisk  
  89  8:46  Mutalisk  
  89  8:48  Baneling  
  95  8:49  Baneling  
  95  8:50  Baneling  
  95  8:51  Baneling  
  95  8:52  Zerg Ground Armor Level 2  
  95  8:55  Glial Reconstitution  
  95  8:57  Mutalisk  
  95  8:58  Overlord  
  95  9:00  Baneling  
  95  9:01  Baneling  
  95  9:02  Baneling  
  97  9:04  Baneling  
  97  9:05  Baneling  
  97  9:06  Baneling  
  97  9:08  Zergling x2  
  98  9:10  Baneling  
  98  9:12  Mutalisk  
  98  9:13  Mutalisk  
  98  9:15  Zergling x2  
  98  9:16  Centrifical Hooks  
  103  9:17  Mutalisk  
  103  9:19  Overlord  
  103  9:20  Drone  
  103  9:21  Mutalisk  
  103  9:24  Mutalisk  
  107  9:26  Mutalisk  
  111  9:38  Mutalisk  
  111  9:39  Overlord  
  111  9:41  Mutalisk  
  111  9:42  Corruptor  
  111  9:43  Corruptor  
  119  9:58  Overseer  
  119  9:59  Corruptor  
  119  10:01  Overlord  
  119  10:03  Corruptor  
  119  10:04  Corruptor  
  119  10:06  Corruptor  
  127  10:09  Overseer, Spine Crawler  
  127  10:13  Drone  
  127  10:20  Corruptor  
  129  10:22  Overlord  
  129  10:23  Corruptor  
  129  10:25  Corruptor  
  129  10:26  Corruptor  
  135  10:42  Hydralisk  
  137  10:44  Overlord  
  137  10:45  Hydralisk  
  137  10:46  Corruptor  
  137  10:47  Evolution Chamber  
  137  10:48  Corruptor  
  143  10:52  Drone  
  143  11:00  Mutalisk  
  143  11:01  Spine Crawler, Mutalisk  
  143  11:03  Mutalisk  
  135  11:05  Drone  
  135  11:06  Overlord  
  135  11:09  Hydralisk  
  135  11:10  Spine Crawler  
  135  11:11  Mutalisk  
  123  11:13  Mutalisk  
  123  11:14  Drone  
  123  11:16  Hydralisk  
  115  11:19  Hydralisk  
  115  11:20  Mutalisk  
  115  11:21  Hydralisk  
  115  11:23  Mutalisk  
  115  11:24  Mutalisk  
  123  11:25  Mutalisk  
  123  11:27  Mutalisk  
  123  11:28  Mutalisk  
  123  11:29  Mutalisk  
  123  11:31  Corruptor  
  123  11:32  Corruptor  
  135  11:33  Overlord  
  135  11:34  Corruptor  
  135  11:36  Corruptor  
  135  11:37  Corruptor  
  135  11:38  Corruptor  
  143  11:40  Corruptor  
  143  11:42  Corruptor  
  143  11:43  Corruptor  
  143  11:46  Brood Lord  
  151  11:47  Baneling  
  151  11:48  Baneling  
  151  11:50  Baneling  
  151  11:52  Baneling  
  151  11:53  Zergling x2  
  144  11:55  Spore Crawler, Overlord  
  144  11:57  Zergling x2  
  144  11:59  Drone  
  144  12:00  Corruptor  
  145  12:01  Corruptor  
  145  12:04  Corruptor  
  145  12:05  Corruptor  
  145  12:07  Corruptor  
  153  12:09  Corruptor  
  153  12:12  Corruptor  
  153  12:14  Corruptor  
  159  12:17  Baneling  
  159  12:19  Baneling  
  159  12:20  Overlord  
  159  12:22  Zergling x2  
  160  12:37  Brood Lord  
  160  12:39  Brood Lord  
  160  12:41  Overseer  
  160  12:43  Overlord  
  164  12:49  Corruptor  
  164  12:50  Corruptor  
  168  13:03  Hydralisk  
  168  13:05  Overlord  
  170  13:07  Hydralisk  
  170  13:08  Infestor  
  170  13:11  Infestor  
  176  13:14  Baneling  
  176  13:15  Baneling  
  176  13:17  Zergling x2  
  177  13:24  Brood Lord  
  177  13:25  Corruptor  
  181  13:27  Overlord  
  181  13:33  Drone  
  181  13:38  Queen  
  181  13:40  Hydralisk  
  185  13:46  Hydralisk  
  185  13:48  Overlord  
  187  13:50  Hydralisk  
  187  13:53  Mutalisk  
  187  13:54  Mutalisk  
  183  13:56  Corruptor  
  183  13:57  Corruptor  
  183  13:59  Corruptor  
  183  14:01  Corruptor  
  183  14:02  Corruptor  
  183  14:04  Corruptor  
  183  14:06  Corruptor  
  183  14:09  Overlord  
  189  14:15  Overseer  
  189  14:27  Hydralisk  
  191  14:32  Overlord  
  191  14:35  Viper  
  191  14:38  Corruptor, Brood Lord  
  196  14:42  Corruptor  
  202  14:47  Overlord  
  202  14:51  Overlord  
  200  14:55  Overlord  
  200  14:57  Drone  
  182  15:04  Drone  
  182  15:05  Drone  
  182  15:06  Drone  
  133  15:08  Mutalisk  
  133  15:10  Drone  
  133  15:11  Zergling x2  
  133  15:12  Drone  
  83  15:14  Drone  
  83  15:16  Roach  
  83  15:18  Drone  
  83  15:20  Zergling x2  
  44  15:21  Drone  
  44  15:22  Roach  
  44  15:23  Drone  
  44  15:25  Roach  
  44  15:28  Drone  
  14  15:30  Mutalisk  
  14  15:31  Hydralisk Den  
  14  15:32  Drone  
  14  15:33  Drone  
  16  15:36  Drone  
  16  15:41  Drone x2  
  10  15:43  Drone  
  10  15:46  Drone  
  10  15:49  Drone  
  10  15:51  Drone  
  10  15:52  Drone  
  10  15:54  Drone  
  10  15:56  Drone  
  10  15:59  Drone  
  10  16:01  Drone  
  10  16:05  Drone  
  10  16:07  Drone  
  10  16:09  Drone  
  10  16:10  Drone  
  10  16:11  Drone  
  10  16:12  Drone  
  10  16:14  Drone  
  10  16:16  Drone  
  10  16:18  Drone  
  10  16:20  Drone  
  10  16:22  Drone  
  10  16:25  Drone  
  8  16:28  Drone  
  8  16:30  Drone  
  8  16:32  Drone  
  8  16:34  Drone  
  8  16:36  Drone  
  8  16:38  Drone  
  8  16:44  Drone  
  8  16:46  Drone  
  8  16:49  Drone  
  8  16:51  Drone  
  8  16:53  Drone  
  8  16:58  Drone  
  8  17:00  Drone  
  8  17:07  Drone  
  8  17:35  Hatchery  
  8  17:36  Drone  
  8  17:59  Drone  
  8  18:00  Drone x2  
  8  18:01  Drone x2  
  8  18:02  Drone  
  8  18:03  Drone  
  8  18:04  Drone x2  
  8  18:05  Drone x3  
  6  18:06  Drone  
  6  18:07  Drone  
  4  18:13  Hatchery  
Show
View Real Time Build Order
Export as new Build Order

Player 7 Zerg 

Build Orders: Pool First, Brood Lord Corruptor 

Get SALT Encoding   

    0:01  Drone  
    0:10  Overlord  
    0:12  Drone  
    0:15  Drone  
    0:22  Drone  
    0:31  Spawning Pool  
    0:33  Drone  
    0:44  Drone  
    0:52  Hatchery  
    0:59  Drone  
    1:02  Unknown  
    1:05  Drone  
    1:07  Unknown  
    1:16  Drone  
    1:18  Queen  
  2  1:27  Drone  
  2  1:37  Drone  
  2  1:48  Overlord  
  2  1:54  Queen  
  2  1:59  Zergling x2  
  5  2:04  Drone  
  5  2:07  Roach Warren  
  5  2:10  Drone  
  5  2:14  Drone  
  5  2:20  Drone  
  5  2:25  Zergling x2, Drone x3  
  6  2:32  Zergling x2  
  6  2:36  Overlord  
  7  2:42  Drone  
  7  2:47  Drone  
  7  2:52  Lair  
  7  2:54  Roach  
  7  2:57  Overlord  
  7  2:58  Roach x3  
  15  3:05  Overlord  
  15  3:08  Zergling x2  
  16  3:15  Zergling x2  
  16  3:19  Zergling x2  
  18  3:26  Drone x2, Overlord  
  18  3:27  Roach  
  18  3:30  Roach  
  18  3:32  Overlord  
  18  3:33  Drone  
  18  3:34  Drone  
  22  3:38  Drone  
  22  3:42  Roach  
  21  3:48  Zergling x2  
  21  3:53  Zergling x2  
  21  3:55  Overlord, Drone, Roach, Hydralisk Den  
  25  4:00  Drone  
  23  4:03  Roach  
  23  4:04  Zergling x2  
  23  4:05  Zergling x2  
  23  4:06  Zergling x2  
  23  4:11  Zergling x2  
  23  4:15  Roach  
  22  4:22  Roach  
  22  4:23  Hydralisk  
  22  4:24  Hydralisk x2  
  26  4:26  Drone  
  30  4:33  Hydralisk  
  30  4:35  Hydralisk  
  30  4:36  Roach, Hydralisk  
  30  4:37  Hydralisk  
  40  4:45  Hydralisk  
  42  4:47  Hydralisk  
  42  4:51  Hydralisk  
  46  4:53  Overlord x2  
  46  4:57  Drone  
  46  4:59  Drone  
  46  5:07  Hydralisk  
  46  5:08  Hydralisk  
  46  5:10  Roach x2  
  46  5:11  Ravager, Infestation Pit  
  46  5:12  Hydralisk  
  57  5:18  Roach  
  57  5:20  Hydralisk  
  63  5:21  Roach  
  63  5:22  Ravager, Overlord  
  63  5:24  Roach  
  63  5:27  Spire  
  66  5:30  Roach  
  66  5:32  Hatchery  
  66  5:34  Drone  
  68  5:37  Unknown  
  68  5:40  Drone  
  68  5:41  Drone, Roach  
  70  5:43  Drone  
  70  5:48  Drone  
  70  5:49  Drone, Hive  
  70  5:50  Infestor  
  70  5:51  Drone  
  70  5:54  Drone  
  70  5:57  Drone  
  72  6:06  Drone  
  72  6:07  Drone  
  72  6:08  Unknown  
  72  6:11  Drone  
  72  6:12  Infestor  
  72  6:13  Drone  
  72  6:15  Drone  
  72  6:17  Drone  
  74  6:18  Roach  
  74  6:19  Drone  
  74  6:20  Roach  
  74  6:22  Metabolic Boost  
  78  6:27  Drone  
  78  6:30  Roach  
  80  6:35  Evolution Chamber  
  80  6:38  Drone  
  80  6:41  Corruptor  
  80  6:43  Drone  
  80  6:44  Roach  
  80  6:45  Drone  
  80  6:46  Evolution Chamber, Roach  
  86  6:48  Drone  
  86  6:49  Roach  
  86  6:50  Drone  
  86  6:51  Roach  
  86  6:53  Drone  
  90  6:55  Drone  
  90  7:00  Zerg Melee Weapons Level 1  
  90  7:01  Drone  
  83  7:04  Zergling x2  
  83  7:05  Drone  
  57  7:09  Overseer  
  57  7:11  Zergling x2  
  57  7:12  Zerg Ground Armor Level 1  
  57  7:14  Hydralisk  
  57  7:15  Unknown, Roach, Hydralisk  
  35  7:16  Greater Spire  
  35  7:17  Roach  
  35  7:18  Zergling x2, Roach  
  35  7:19  Roach  
  35  7:20  Unknown  
  35  7:22  Roach  
  41  7:26  Roach x2  
  41  7:29  Hatchery  
  45  7:33  Roach  
  47  7:37  Drone  
  47  7:38  Roach  
  47  7:41  Ravager  
  52  7:44  Roach  
  52  7:45  Drone, Roach  
  52  7:46  Drone  
  52  7:47  Roach  
  52  7:48  Drone, Hydralisk  
  52  7:50  Drone, Hydralisk  
  60  7:52  Ravager  
  60  7:57  Spine Crawler  
  60  7:58  Roach  
  63  7:59  Queen, Mutalisk  
  63  8:00  Mutalisk  
  63  8:01  Baneling Nest  
  69  8:06  Mutalisk  
  69  8:07  Spine Crawler  
  69  8:09  Mutalisk  
  69  8:10  Lurker Den, Mutalisk  
  75  8:14  Mutalisk  
  75  8:15  Mutalisk  
  75  8:16  Mutalisk  
  75  8:17  Mutalisk  
  75  8:18  Mutalisk  
  85  8:20  Drone, Mutalisk  
  85  8:21  Roach  
  85  8:22  Roach  
  91  8:29  Mutalisk  
  91  8:30  Mutalisk  
  91  8:32  Overlord  
  91  8:33  Brood Lord  
  97  8:40  Mutalisk x2  
  101  8:42  Mutalisk x2  
  101  8:46  Baneling  
  101  8:47  Baneling  
  105  8:48  Baneling  
  105  8:49  Baneling  
  105  8:50  Zergling x2, Mutalisk  
  105  8:52  Mutalisk, Overlord  
  105  8:53  Corruptor  
  105  8:54  Corruptor  
  114  8:56  Infestor  
  114  8:59  Baneling  
  114  9:01  Zergling x2  
  114  9:02  Corruptor  
  119  9:03  Drone  
  119  9:04  Corruptor  
  119  9:05  Drone  
  119  9:08  Drone  
  119  9:09  Baneling  
  121  9:10  Drone  
  121  9:14  Overlord  
  121  9:16  Drone  
  121  9:17  Corruptor  
  121  9:19  Drone  
  121  9:20  Drone  
  121  9:21  Drone  
  121  9:22  Corruptor  
  125  9:24  Drone  
  125  9:25  Baneling  
  125  9:27  Drone  
  125  9:28  Zergling x2  
  126  9:32  Drone  
  126  9:33  Mutalisk  
  126  9:35  Overlord  
  126  9:42  Drone  
  126  9:43  Drone  
  126  9:44  Drone  
  126  9:46  Drone  
  126  9:47  Drone  
  126  9:48  Drone  
  126  9:55  Corruptor  
  126  9:56  Overlord  
  126  9:57  Corruptor  
  126  9:58  Corruptor  
  126  9:59  Corruptor  
  134  10:02  Infestor  
  134  10:06  Baneling  
  136  10:07  Baneling  
  136  10:08  Baneling  
  136  10:09  Spore Crawler, Zergling x2  
  136  10:11  Baneling  
  136  10:12  Drone  
  136  10:14  Zergling x2, Baneling  
  137  10:15  Spore Crawler  
  137  10:16  Overlord  
  137  10:17  Corruptor  
  137  10:18  Corruptor  
  137  10:20  Corruptor  
  137  10:21  Corruptor, Spine Crawler  
  144  10:23  Drone  
  144  10:24  Corruptor  
  148  10:29  Drone  
  148  10:32  Drone  
  148  10:34  Baneling  
  148  10:35  Drone, Spine Crawler  
  148  10:37  Zergling x2  
  148  10:38  Overlord  
  148  10:40  Drone  
  148  10:41  Corruptor  
  151  10:43  Drone, Spine Crawler  
  151  10:45  Drone  
  151  10:46  Hydralisk  
  151  10:49  Drone, Corruptor  
  153  10:50  Spore Crawler  
  153  10:51  Drone  
  153  10:53  Drone  
  153  10:55  Drone  
  155  10:57  Overseer, Spine Crawler  
  155  10:59  Drone  
  155  11:00  Overlord  
  155  11:02  Drone  
  155  11:05  Drone  
  155  11:06  Corruptor  
  155  11:08  Drone  
  157  11:19  Corruptor  
  157  11:20  Overlord  
  159  11:26  Hatchery  
  159  11:31  Drone  
  159  11:34  Brood Lord  
  159  11:36  Brood Lord  
  159  11:37  Overseer  
  159  11:38  Overseer  
  163  11:41  Spine Crawler  
  163  11:42  Overlord  
  163  11:45  Drone  
  163  11:48  Spore Crawler  
  163  11:50  Corruptor  
  163  11:52  Drone  
  163  11:53  Corruptor  
  167  11:55  Brood Lord  
  167  11:58  Corruptor  
  167  11:59  Corruptor  
  167  12:01  Corruptor  
  173  12:03  Overlord  
  175  12:24  Brood Lord  
  175  12:26  Overlord  
  175  12:27  Corruptor  
  179  12:33  Brood Lord  
  179  12:34  Corruptor  
  183  12:39  Hydralisk  
  183  12:41  Queen  
  183  12:43  Viper  
  190  12:46  Viper  
  190  12:48  Overlord  
  191  13:02  Zergling x2  
  191  13:03  Corruptor  
  182  13:06  Zergling x2  
  182  13:07  Corruptor  
  182  13:09  Corruptor  
  182  13:11  Overlord  
  182  13:12  Corruptor  
  169  13:13  Corruptor  
  169  13:15  Corruptor  
  169  13:17  Corruptor  
  169  13:18  Corruptor  
  173  13:20  Corruptor  
  173  13:22  Corruptor  
  177  13:27  Baneling  
  177  13:30  Zergling x2  
  174  13:42  Hatchery, Hydralisk  
  174  13:44  Hydralisk  
  174  13:47  Drone  
  162  13:48  Hydralisk  
  162  13:50  Roach  
  139  13:57  Roach  
  139  14:01  Roach  
  127  14:02  Roach  
  127  14:04  Roach  
  127  14:06  Roach  
  127  14:07  Roach  
  127  14:09  Roach  
  75  14:10  Roach  
  75  14:11  Roach  
  75  14:13  Roach  
  75  14:14  Roach  
  75  14:16  Roach  
  85  14:18  Roach  
  85  14:19  Roach  
  85  14:21  Roach  
  85  14:23  Roach  
  95  14:24  Roach  
  95  14:25  Roach  
  95  14:26  Roach  
  95  14:27  Mutalisk  
  95  14:29  Mutalisk  
  95  14:30  Mutalisk  
  105  14:32  Mutalisk  
  105  14:34  Mutalisk  
  105  14:35  Mutalisk  
  105  14:36  Mutalisk  
  105  14:38  Mutalisk  
  113  14:39  Mutalisk  
  113  14:41  Mutalisk  
  113  14:43  Mutalisk  
  113  14:45  Mutalisk  
  123  14:46  Mutalisk  
  123  14:48  Mutalisk  
  123  14:49  Mutalisk  
  123  14:51  Mutalisk  
  131  14:53  Mutalisk  
  131  14:55  Mutalisk  
  131  14:57  Mutalisk  
  137  15:02  Mutalisk  
  137  15:05  Corruptor  
  137  15:06  Corruptor  
  143  15:09  Corruptor  
  143  15:11  Corruptor  
  143  15:13  Corruptor  
  147  15:15  Corruptor  
  147  15:17  Hydralisk  
  147  15:20  Hydralisk  
  119  15:23  Hydralisk  
  119  15:25  Drone  
  119  15:26  Hydralisk  
  109  15:29  Drone  
  109  15:32  Zergling x2  
  109  15:33  Drone  
  110  15:36  Drone  
  110  15:37  Corruptor  
  110  15:39  Corruptor  
  110  15:42  Drone  
  114  15:43  Corruptor  
  114  15:45  Corruptor  
  114  15:48  Drone, Corruptor  
  120  15:50  Corruptor  
  120  15:52  Drone  
  120  15:54  Corruptor  
  120  15:56  Corruptor  
  126  15:57  Corruptor  
  126  16:00  Corruptor  
  126  16:02  Corruptor  
  126  16:03  Corruptor  
  132  16:05  Corruptor  
  132  16:07  Corruptor  
  138  16:18  Drone  
  138  16:23  Drone  
  138  16:27  Drone  
  138  16:30  Drone  
  138  16:31  Drone  
  136  16:33  Drone  
  136  16:35  Drone  
  136  16:37  Drone  
  136  16:38  Drone  
  136  16:40  Drone  
  136  16:42  Drone  
  136  16:45  Zergling x2  
  136  16:46  Drone  
  135  16:49  Drone  
  135  16:50  Corruptor  
  135  16:52  Drone  
  135  16:53  Mutalisk  
  117  16:55  Drone  
  117  16:56  Mutalisk  
  117  16:58  Drone  
  117  16:59  Hydralisk  
  117  17:01  Zergling x2  
  72  17:04  Drone  
  72  17:06  Drone  
  72  17:07  Hydralisk  
  48  17:09  Drone  
  48  17:11  Hatchery, Drone  
  48  17:13  Drone  
  48  17:14  Roach  
  48  17:15  Drone, Roach  
  40  17:18  Drone  
  40  17:19  Roach  
  40  17:20  Roach x2  
  40  17:22  Drone  
  40  17:24  Drone  
  40  17:26  Drone  
  32  17:31  Drone, Unknown  
  32  17:35  Drone  
  10  17:51  Overlord  
  4  18:02  Drone  
  4  18:07  Drone  
Show
View Real Time Build Order
Export as new Build Order

Player 8 Protoss 

Build Orders: 1 Gate Expand, Double Forge, Nexus First 

Get SALT Encoding   

    0:01  Probe  
    0:13  Probe  
    0:14  Pylon  
    0:24  Probe  
    0:32  Probe  
    0:39  Gateway  
    0:40  Probe  
    0:51  Nexus, Probe  
    0:59  Unknown, Probe  
    1:02  Unknown  
    1:08  Probe  
    1:12  Pylon  
    1:18  Probe  
    1:27  Zealot  
    1:31  Cybernetics Core  
  2  1:34  Gateway  
  2  1:35  Probe  
  2  1:45  Pylon  
  2  1:47  Probe  
  2  1:54  Zealot  
  2  1:58  Probe  
  2  1:59  Probe  
  4  2:06  Probe  
  4  2:09  Warp Gate  
  4  2:14  Probe  
  4  2:21  Adept x2  
  4  2:22  Probe  
  8  2:24  Pylon  
  8  2:31  Probe  
  8  2:34  Probe  
  8  2:43  Probe  
  8  2:46  Adept  
  8  2:48  Pylon, Adept  
  8  2:49  Robotics Facility  
  10  2:55  Probe  
  10  2:56  Probe  
  12  3:07  Probe  
  12  3:08  Probe  
  12  3:11  Sentry, Stalker  
  12  3:18  Gateway  
  12  3:19  Probe  
  16  3:20  Probe  
  16  3:31  Probe  
  16  3:33  Pylon, Probe  
  16  3:36  Immortal  
  16  3:37  Adept  
  22  3:41  Stalker  
  22  3:43  Probe  
  22  3:45  Robotics Facility, Probe  
  24  3:55  Probe  
  24  3:57  Probe  
  24  4:03  Pylon  
  24  4:04  Probe  
  24  4:06  Immortal  
  24  4:08  Pylon  
  24  4:09  Probe  
  24  4:12  Stalker, Probe  
  24  4:13  Gateway  
  30  4:17  Stalker  
  30  4:19  Stalker  
  30  4:21  Probe  
  30  4:22  Probe  
  34  4:30  Pylon  
  34  4:32  Immortal  
  34  4:33  Forge  
  34  4:35  Stalker  
  34  4:37  Forge  
  40  4:40  Stalker  
  40  4:41  Immortal  
  40  4:42  Robotics Facility, Stalker  
  48  4:56  Pylon  
  48  5:02  Immortal  
  52  5:14  Immortal  
  56  5:24  Probe  
  56  5:26  Unknown, Probe  
  56  5:28  Unknown  
  56  5:31  Sentry, Zealot  
  56  5:32  Zealot  
  56  5:33  Zealot  
  64  5:36  Probe  
  64  5:38  Probe  
  64  5:41  Observer  
  65  5:44  Observer, Robotics Bay  
  65  5:48  Probe  
  65  5:49  Pylon  
  66  5:50  Probe  
  66  5:52  Zealot  
  66  5:53  Zealot x2, Warp Prism  
  66  5:54  Photon Cannon, Zealot  
  76  6:00  Immortal  
  76  6:01  Nexus  
  76  6:02  Probe  
  76  6:03  Observer  
  76  6:04  Probe  
  77  6:12  Pylon  
  77  6:13  Zealot  
  77  6:14  Stalker, Probe x2  
  77  6:15  Zealot  
  77  6:17  Zealot  
  85  6:25  Probe  
  85  6:27  Probe  
  85  6:28  Stalker  
  87  6:33  Colossus  
  87  6:36  Zealot  
  87  6:37  Stalker  
  87  6:38  Zealot  
  97  6:41  Colossus  
  97  6:42  Probe  
  97  6:43  Probe  
  101  6:47  Sentry  
  101  6:48  Colossus  
  101  6:49  Pylon  
  105  6:54  Probe  
  105  6:56  Probe  
  105  6:58  Zealot  
  107  7:01  Zealot  
  107  7:02  Zealot  
  107  7:05  Pylon  
  107  7:06  Probe  
  107  7:07  Probe  
  109  7:10  Zealot  
  109  7:15  Probe x2  
  103  7:16  Pylon  
  103  7:17  Probe  
  103  7:21  Zealot  
  87  7:23  Sentry  
  87  7:26  Colossus, Adept  
  87  7:30  Stalker  
  87  7:31  Unknown, Probe  
  87  7:34  Colossus  
  85  7:39  Stargate  
  85  7:41  Colossus  
  85  7:43  Stalker  
  85  7:47  Zealot  
  85  7:48  Pylon  
  85  7:50  Adept  
  85  7:53  Nexus  
  85  7:54  Zealot  
  77  8:06  Photon Cannon, Stalker  
  77  8:07  Zealot  
  77  8:10  Twilight Council  
  73  8:12  Zealot  
  73  8:13  Unknown  
  73  8:14  Zealot  
  69  8:21  Immortal  
  69  8:23  Pylon  
  69  8:26  Adept  
  69  8:27  Colossus, Stalker  
  69  8:31  Photon Cannon, Zealot  
  69  8:32  Phoenix  
  69  8:33  Zealot  
  69  8:37  Photon Cannon  
  65  8:42  Stalker  
  65  8:45  Stalker  
  65  8:47  Stalker  
  67  8:50  Colossus  
  67  8:51  Void Ray  
  67  8:53  Pylon  
  67  8:55  Sentry  
  65  9:00  Templar Archives  
  73  9:06  Zealot  
  73  9:09  Adept  
  52  9:10  Zealot  
  52  9:12  Colossus  
  42  9:24  Zealot  
  54  9:26  Zealot  
  54  9:27  Unknown  
  54  9:28  Void Ray, Zealot  
  54  9:30  Unknown  
  54  9:31  Sentry  
  58  9:34  Stalker  
  58  9:36  Probe  
  58  9:38  Probe  
  58  9:40  Pylon, Probe  
  58  9:41  Probe  
  58  9:47  Zealot  
  58  9:48  Stalker, Probe  
  62  9:54  Probe  
  62  9:57  Probe  
  62  9:59  Zealot  
  70  10:01  Probe  
  70  10:06  Probe  
  76  10:11  Probe  
  76  10:13  Stalker, Probe  
  68  10:15  Pylon, Phoenix  
  68  10:17  Sentry  
  68  10:18  Probe  
  68  10:20  Sentry  
  62  10:23  Probe  
  62  10:25  Probe  
  62  10:27  Pylon, Probe  
  46  10:35  Probe x2  
  26  10:40  Phoenix  
  20  10:42  Pylon  
  20  10:47  Probe  
  12  10:54  Probe  
  4  11:00  Probe  
  4  11:04  Probe  
  4  11:08  Pylon  
  5  11:12  Probe  
  5  11:13  Probe  
  3  11:22  Pylon  
  3  11:28  Pylon  
  3  11:30  Stalker  
  5  11:35  Pylon, Probe  
  5  11:37  Zealot, Probe  
  7  11:42  Phoenix  
  7  11:48  Probe  
  7  11:50  Pylon, Probe  
  7  11:54  Gateway, Zealot  
  7  11:55  High Templar  
  7  12:01  Probe  
  11  12:02  Robotics Facility  
  11  12:06  Probe  
  11  12:08  Phoenix  
  11  12:09  Pylon  
  11  12:14  Forge  
  11  12:15  Zealot  
  13  12:16  Forge  
  13  12:20  Twilight Council  
  13  12:22  Probe  
  13  12:25  Probe  
  13  12:30  Forge  
  13  12:33  Phoenix  
  13  12:35  Stalker  
  17  12:40  High Templar  
  17  12:42  Pylon  
  17  12:48  Sentry  
  9  12:51  Probe  
  9  12:53  Probe  
  9  12:54  Gateway, High Templar  
  9  12:57  Robotics Bay, Warp Prism  
  11  12:59  Phoenix  
  11  13:02  Robotics Facility  
  13  13:09  Photon Cannon, High Templar  
  13  13:10  Zealot  
  13  13:13  Pylon  
  13  13:14  Zealot  
  13  13:18  Photon Cannon  
  13  13:21  Photon Cannon  
  13  13:24  Probe  
  13  13:25  High Templar  
  13  13:33  Zealot  
  13  13:34  Zealot  
  13  13:36  Zealot  
  13  13:45  Gateway  
  13  13:46  Probe  
  9  13:51  High Templar  
  9  13:58  Probe  
  9  14:10  Probe  
  3  14:18  Probe  
  3  14:26  Probe  
  3  14:37  Cybernetics Core  
  3  14:40  Zealot  
  3  14:42  Probe  
  5  14:46  Pylon  
  5  14:54  Probe  
  5  14:56  Nexus  
  5  15:07  Probe  
  5  15:08  Zealot  
  7  15:19  Probe  
  7  15:28  Probe  
  7  15:30  Zealot  
  9  15:38  Probe  
  9  15:50  Zealot, Probe  
  9  15:52  Pylon  
  11  16:00  Probe  
  11  16:11  Zealot, Probe  
  11  16:15  Probe  
  13  16:22  Probe  
  13  16:23  Probe  
  13  16:33  Adept  
  13  16:34  Probe  
  9  16:41  Probe  
  9  16:45  Pylon  
  1  16:52  Unknown  
  1  16:53  Probe  
  1  16:58  Pylon  
  1  17:03  Probe  
  1  17:11  Probe  
  1  17:15  Gateway  
  1  17:18  Unknown  
  1  17:19  Probe  
  1  17:24  Pylon  
  1  17:30  Forge  
  1  17:31  Probe  
  1  17:34  Forge  
  1  17:39  Forge  
  1  17:44  Gateway  
Show
View Real Time Build Order
Export as new Build Order

Player 9 Zerg 

Build Orders: Pool First 

Get SALT Encoding   

    0:01  Drone  
    0:10  Overlord  
    0:13  Drone  
    0:17  Drone  
    0:22  Drone  
    0:33  Drone  
    0:36  Spawning Pool  
    0:49  Hatchery  
    0:53  Drone  
    0:55  Drone  
    0:56  Unknown  
    1:00  Unknown  
    1:05  Drone  
    1:16  Drone  
    1:27  Drone  
    1:28  Queen  
  2  1:37  Drone  
  2  1:48  Overlord  
  2  1:59  Zergling x2  
  2  2:01  Drone  
  3  2:04  Queen  
  5  2:10  Drone  
  5  2:12  Drone  
  5  2:15  Roach Warren  
  5  2:20  Drone  
  5  2:22  Drone  
  5  2:31  Drone  
  5  2:33  Drone  
  5  2:35  Zergling x4, Overlord  
  7  2:43  Drone  
  7  2:44  Drone  
  7  2:54  Drone  
  7  2:55  Roach  
  9  3:04  Zergling x2  
  9  3:05  Lair, Roach  
  11  3:07  Roach  
  11  3:08  Overlord, Roach  
  15  3:12  Overlord  
  15  3:14  Zergling x2  
  15  3:17  Zergling x2  
  15  3:18  Zergling x2  
  16  3:21  Zergling x2  
  17  3:28  Zergling x2, Drone  
  17  3:39  Drone x2  
  17  3:40  Drone, Roach  
  17  3:41  Zergling x2  
  20  3:43  Drone, Roach  
  20  3:44  Drone  
  22  3:51  Drone, Overlord  
  22  4:01  Drone  
  22  4:02  Drone  
  22  4:06  Infestation Pit  
  22  4:11  Drone, Roach x2  
  22  4:13  Overlord x2  
  22  4:15  Drone  
  26  4:28  Overlord  
  26  4:31  Overlord  
  26  4:32  Roach  
  26  4:35  Roach  
  26  4:37  Roach  
  32  4:40  Roach  
  32  4:42  Infestor, Roach  
  32  4:43  Infestor  
  40  4:46  Roach x2  
  40  4:47  Drone, Infestor  
  40  4:51  Drone  
  46  4:57  Drone  
  46  5:03  Roach  
  48  5:07  Infestor, Hive  
  48  5:10  Ravager  
  48  5:11  Ravager  
  48  5:12  Infestor  
  54  5:14  Drone  
  54  5:15  Roach, Spire  
  54  5:16  Drone  
  54  5:18  Drone, Roach  
  54  5:19  Infestor, Roach, Hydralisk Den  
  62  5:21  Hatchery  
  62  5:26  Unknown  
  62  5:33  Drone  
  62  5:34  Drone, Unknown  
  62  5:36  Drone  
  62  5:42  Drone  
  60  5:47  Roach  
  60  5:48  Roach  
  60  5:49  Drone  
  62  5:50  Roach  
  62  5:51  Zergling x2, Drone  
  62  5:52  Drone  
  62  5:54  Drone  
  62  5:58  Drone  
  62  6:01  Ravager  
  58  6:05  Drone  
  58  6:09  Drone, Evolution Chamber  
  54  6:13  Overseer  
  54  6:15  Evolution Chamber  
  54  6:16  Drone  
  54  6:18  Drone  
  54  6:19  Roach  
  54  6:20  Drone  
  54  6:21  Drone, Roach  
  54  6:22  Spine Crawler, Roach  
  54  6:23  Roach  
  62  6:26  Spine Crawler  
  62  6:28  Roach  
  62  6:30  Zergling x2  
  62  6:31  Lurker Den  
  62  6:32  Greater Spire  
  64  6:33  Hydralisk  
  64  6:38  Zergling x2  
  64  6:39  Queen  
  68  6:41  Hydralisk  
  68  6:43  Hydralisk  
  68  6:46  Ravager  
  73  6:49  Roach  
  73  6:50  Mutalisk  
  73  6:53  Corruptor, Unknown  
  79  6:54  Hatchery, Drone  
  79  6:55  Mutalisk  
  79  6:56  Drone  
  79  6:58  Drone x2, Unknown  
  79  7:00  Drone  
  81  7:01  Drone  
  81  7:05  Drone, Hydralisk  
  83  7:11  Zerg Missile Weapons Level 1  
  83  7:13  Drone  
  83  7:15  Drone  
  83  7:16  Drone  
  83  7:20  Mutalisk  
  83  7:21  Mutalisk  
  87  7:23  Mutalisk  
  87  7:25  Zergling x2  
  87  7:27  Drone, Mutalisk  
  87  7:29  Overlord  
  91  7:30  Drone  
  91  7:35  Drone  
  71  7:38  Drone  
  71  7:39  Drone  
  59  7:45  Drone  
  59  7:48  Brood Lord  
  59  7:49  Drone  
  59  7:50  Drone  
  42  7:55  Zergling x2, Roach  
  42  7:56  Roach  
  42  7:57  Drone  
  40  7:58  Drone, Roach  
  40  7:59  Roach  
  40  8:00  Roach  
  40  8:01  Infestor  
  40  8:05  Corruptor  
  38  8:10  Roach, Hydralisk  
  38  8:12  Roach  
  44  8:13  Overseer  
  44  8:16  Drone  
  44  8:21  Drone  
  44  8:22  Drone  
  44  8:23  Drone  
  44  8:24  Drone  
  44  8:25  Ravager, Drone  
  44  8:26  Drone  
  45  8:27  Roach  
  45  8:28  Drone  
  45  8:29  Roach  
  45  8:30  Drone  
  45  8:32  Drone, Roach  
  45  8:33  Drone  
  51  8:34  Drone  
  51  8:38  Drone  
  51  8:39  Infestor, Roach  
  51  8:46  Hydralisk  
  51  8:48  Roach  
  49  8:49  Roach  
  49  8:50  Roach  
  49  8:52  Roach  
  49  8:53  Roach  
  49  8:54  Brood Lord  
  49  8:55  Roach  
  61  8:57  Roach  
  61  8:58  Roach  
  61  9:00  Roach  
  61  9:01  Hydralisk  
  61  9:02  Hatchery, Hydralisk  
  71  9:03  Mutalisk  
  71  9:05  Drone, Mutalisk  
  71  9:06  Mutalisk  
  71  9:07  Baneling Nest, Mutalisk  
  79  9:10  Mutalisk  
  79  9:12  Ravager, Mutalisk  
  79  9:14  Mutalisk  
  86  9:19  Mutalisk  
  86  9:20  Mutalisk  
  86  9:21  Mutalisk  
  86  9:22  Spore Crawler  
  86  9:23  Overlord  
  92  9:24  Mutalisk  
  92  9:26  Mutalisk  
  92  9:27  Mutalisk  
  92  9:28  Mutalisk  
  92  9:29  Mutalisk  
  92  9:30  Mutalisk  
  104  9:31  Unknown  
  104  9:33  Drone  
  104  9:34  Drone  
  104  9:35  Unknown  
  104  9:39  Drone  
  104  9:41  Corruptor  
  104  9:43  Drone  
  104  9:44  Overlord  
  106  9:46  Spore Crawler  
  106  9:48  Mutalisk  
  106  9:49  Mutalisk  
  106  9:50  Spine Crawler  
  106  9:51  Overseer  
  110  9:53  Baneling  
  110  9:54  Drone  
  110  9:55  Drone  
  110  9:57  Baneling  
  110  9:58  Baneling  
  110  9:59  Drone  
  110  10:01  Baneling  
  110  10:03  Zergling x2  
  110  10:05  Overlord  
  111  10:07  Zergling x2  
  111  10:08  Drone, Spine Crawler  
  111  10:10  Drone  
  111  10:11  Drone  
  111  10:12  Drone  
  112  10:15  Drone  
  112  10:18  Drone  
  112  10:20  Roach  
  112  10:21  Drone, Mutalisk  
  100  10:23  Drone  
  100  10:25  Baneling  
  100  10:26  Drone  
  100  10:27  Zergling x2  
  103  10:28  Drone  
  103  10:30  Baneling  
  103  10:31  Drone  
  103  10:34  Drone  
  103  10:35  Drone  
  103  10:37  Mutalisk  
  103  10:38  Mutalisk  
  103  10:39  Drone  
  103  10:40  Overlord  
  103  10:41  Mutalisk  
  101  10:46  Roach  
  101  10:47  Mutalisk  
  101  10:48  Mutalisk  
  101  10:49  Mutalisk  
  94  10:50  Mutalisk  
  94  10:52  Mutalisk  
  94  10:55  Corruptor  
  94  10:56  Mutalisk  
  104  10:57  Corruptor  
  104  10:59  Spore Crawler, Mutalisk  
  104  11:00  Corruptor  
  104  11:02  Overlord  
  110  11:08  Roach  
  110  11:11  Corruptor  
  112  11:12  Corruptor  
  112  11:13  Spore Crawler  
  112  11:15  Drone  
  112  11:16  Corruptor  
  112  11:17  Corruptor  
  120  11:19  Mutalisk  
  120  11:20  Spine Crawler  
  120  11:21  Mutalisk  
  120  11:23  Drone  
  124  11:26  Spine Crawler  
  124  11:27  Corruptor  
  124  11:30  Corruptor  
  124  11:32  Drone, Corruptor  
  130  11:35  Baneling  
  130  11:36  Zergling x2  
  130  11:37  Baneling  
  130  11:38  Baneling  
  130  11:39  Baneling  
  133  11:41  Drone  
  133  11:42  Drone  
  133  11:45  Drone  
  133  11:46  Overlord  
  133  11:51  Drone  
  133  11:55  Drone  
  133  11:58  Drone  
  133  12:00  Drone  
  127  12:01  Drone  
  127  12:04  Zergling x2  
  127  12:05  Drone  
  127  12:07  Overlord  
  122  12:14  Drone  
  122  12:19  Mutalisk  
  124  12:27  Overlord  
  126  12:32  Drone  
  126  12:34  Mutalisk  
  126  12:35  Corruptor  
  126  12:39  Mutalisk  
  90  12:51  Roach  
  78  13:02  Drone  
  78  13:03  Roach  
  78  13:05  Drone  
  80  13:06  Roach  
  82  13:14  Brood Lord  
  82  13:15  Drone  
  84  13:25  Drone  
  84  13:28  Brood Lord  
  86  13:36  Drone  
  86  13:37  Roach  
  86  13:39  Drone  
  86  13:41  Roach  
  90  13:52  Drone  
  90  13:59  Drone  
  86  14:07  Zergling x2  
  86  14:09  Zergling x2  
  74  14:11  Drone  
  74  14:12  Roach  
  72  14:22  Drone  
  70  14:33  Drone  
  70  14:39  Drone  
  70  14:40  Drone  
  70  14:42  Drone  
  70  14:44  Drone  
  56  14:53  Queen  
  56  14:55  Zergling x2  
  55  15:06  Zergling x2  
  26  15:14  Roach  
  26  15:15  Infestor  
  26  15:17  Roach  
  26  15:18  Roach  
  16  15:29  Roach  
  18  15:39  Roach  
  20  15:50  Drone  
  20  15:53  Ravager  
  21  15:59  Corruptor  
  21  16:01  Drone, Infestor  
  21  16:03  Drone  
  25  16:12  Drone  
  25  16:24  Drone  
  25  16:32  Spawning Pool  
  24  16:33  Drone  
  24  16:35  Drone  
  24  16:36  Drone  
Show
View Real Time Build Order
Export as new Build Order

Player 10 Terran 

Build Orders:  

Get SALT Encoding   

    0:01  SCV  
    0:13  SCV  
    0:14  Supply Depot  
    0:22  Unknown  
    0:25  SCV  
    0:26  Unknown  
    0:37  SCV  
    0:44  Barracks  
    0:49  SCV  
    1:01  SCV  
    1:13  SCV  
    1:25  Supply Depot  
    1:32  Marine  
  1  1:34  Orbital Command, Factory  
  1  1:38  Barracks  
  1  1:50  Marine  
  2  1:59  SCV  
  2  2:07  Supply Depot  
  2  2:09  Barracks Tech Lab  
  2  2:11  SCV  
  2  2:20  Hellion  
  4  2:27  Barracks Tech Lab  
  4  2:29  Concussive Shells, Marauder  
  6  2:30  SCV  
  6  2:41  Hellion  
  6  2:42  Supply Depot  
  8  2:46  Marauder  
  8  2:50  Marauder  
  12  3:03  Hellion  
  12  3:04  Supply Depot  
  14  3:07  Marauder  
  14  3:11  Marauder  
  18  3:23  SCV  
  18  3:24  Hellion  
  20  3:29  Marauder  
  20  3:33  Marauder  
  24  3:35  Supply Depot, SCV  
  24  3:45  Stimpack  
  24  3:46  Hellion  
  24  3:47  SCV  
  26  3:49  Marine  
  26  3:54  Marauder  
  29  3:59  SCV  
  25  4:07  Marine  
  18  4:11  SCV  
  18  4:15  Marauder  
  20  4:23  SCV  
  20  4:26  Starport, Marauder  
  22  4:37  SCV, Marauder  
  24  4:47  Marauder  
  24  4:49  SCV  
  26  4:56  Barracks  
  26  4:58  Marauder  
  28  5:01  SCV  
  28  5:05  Medivac  
  28  5:06  Fusion Core  
  30  5:08  Marine  
  30  5:13  SCV  
  31  5:19  Marine  
  32  5:25  SCV  
  32  5:26  Marauder  
  34  5:33  Engineering Bay  
  34  5:35  Starport Tech Lab  
  34  5:37  Marauder  
  34  5:38  SCV  
  34  5:41  Engineering Bay  
  36  5:44  Barracks Reactor  
  36  5:48  Marauder  
  38  5:57  Medivac  
  38  5:59  Marauder  
  42  6:05  Barracks  
  42  6:07  Supply Depot  
  42  6:09  Marauder  
  44  6:20  Marine, Marauder  
  44  6:25  Marine  
  48  6:27  Viking  
  48  6:30  Marauder  
  52  6:36  Supply Depot  
  52  6:38  Marine  
  53  6:42  Marine, Marauder  
  56  6:52  Marauder  
  58  6:56  Marine  
  58  6:57  Battlecruiser  
  58  6:58  Marine  
  66  7:01  Supply Depot  
  66  7:02  Marine  
  67  7:15  Marine  
  66  7:17  Marine  
  66  7:19  Marine  
  66  7:21  Marauder  
  52  7:22  Marine  
  33  7:33  Marauder  
  33  7:35  Marine  
  36  7:38  Marine  
  36  7:40  Marine  
  36  7:42  Marauder  
  40  7:53  Marine  
  40  7:55  Marauder  
  43  8:00  Marine  
  43  8:01  Battlecruiser  
  43  8:04  Marauder  
  52  8:12  Supply Depot  
  52  8:16  Marauder  
  54  8:25  Marine, Marauder  
  57  8:35  Marine  
  57  8:37  Marine, Supply Depot  
  57  8:38  Marauder  
  61  8:43  Marine  
  61  8:46  Marauder  
  64  8:59  Marauder  
  66  9:03  Missile Turret  
  66  9:05  Medivac  
  66  9:06  Supply Depot  
  66  9:08  Marauder  
  70  9:18  SCV  
  70  9:20  Marauder  
  72  9:29  Marauder  
  72  9:31  Missile Turret  
  74  9:36  Battlecruiser  
  74  9:37  Supply Depot  
  80  9:42  Marauder  
  82  9:50  Marauder, Factory  
  84  10:04  Missile Turret  
  84  10:06  Supply Depot  
  84  10:22  Starport  
  84  10:23  Factory Tech Lab  
  84  10:25  Marine  
  84  10:27  Marine, Armory  
  86  10:34  Marine  
  87  10:37  Marine  
  87  10:39  Barracks  
  87  10:40  Barracks Tech Lab, Battlecruiser  
  97  10:42  Siege Tank  
  97  10:44  Supply Depot  
  97  10:50  Armory  
  97  11:00  Viking  
  99  11:13  Supply Depot  
  99  11:15  Siege Tank  
  93  11:28  Marine  
  93  11:30  Marine  
  93  11:32  Marine, Starport Reactor  
  92  11:33  Marine  
  92  11:34  Marine  
  92  11:35  Marine  
  95  11:41  Widow Mine  
  95  11:44  Battlecruiser  
  95  11:46  Marine  
  95  11:47  Siege Tank  
  107  11:48  Marine  
  107  11:49  Supply Depot  
  107  11:50  Marine  
  109  12:03  Widow Mine  
  111  12:08  Viking  
  111  12:11  Viking  
  111  12:14  Supply Depot  
  115  12:19  Siege Tank  
  118  12:38  Viking  
  118  12:41  SCV, Viking  
  118  12:43  Supply Depot  
  122  12:48  Viking  
  122  12:51  Siege Tank  
  127  13:08  Viking  
  127  13:11  Viking  
  127  13:12  Supply Depot  
  131  13:18  Viking, Widow Mine  
  135  13:23  Siege Tank  
  138  13:38  Viking  
  138  13:40  Widow Mine  
  138  13:41  Viking  
  142  13:42  Supply Depot  
  150  13:48  Battlecruiser  
  150  14:03  Missile Turret  
  150  14:08  Viking  
  150  14:09  Supply Depot  
  152  14:11  Viking  
  150  14:27  Widow Mine  
  150  14:37  Supply Depot  
  150  14:38  Viking  
  150  14:41  Viking  
  150  14:42  Marine  
  155  14:50  Marine  
  162  14:52  Battlecruiser  
  162  14:53  Marine  
  163  15:01  Marine  
  163  15:05  Supply Depot  
  164  15:08  Viking  
  164  15:09  Marine  
  164  15:11  Viking  
  169  15:27  Marine  
  170  15:32  Marine  
  170  15:33  Marine  
  172  15:37  Supply Depot  
  172  15:38  Viking  
  172  15:41  Viking  
  176  15:55  Factory Tech Lab  
  81  16:29  Marine, Viking, Medivac  
  81  16:30  Marine  
Tags
 
Add a new tag
Caveats
  • Supply blocks, unpowered buildings, or Contaminate may cause inaccurate times.
  • Supply counts are checked every 10 seconds.